 Dungeon Crawl Stone Soup version 0.18.1-5-g4a78601 (webtiles) character file.

112 CosmicAfro the Firebug (level 4, -1/24 HPs)
             Began as a Deep Elf Fire Elementalist on May 15, 2016.
             Slain by a river rat (10 damage)
             ... on level 3 of the Dungeon.
             The game lasted 00:05:59 (2644 turns).

CosmicAfro the Firebug (Deep Elf Fire Elementalist) Turns: 2644, Time: 00:05:59

Health: -1/24      AC:  2    Str:  3 (5)  XL:     4   Next: 64%
Magic:  7/10       EV: 12    Int: 20 (21) God:
Gold:   67         SH:  0    Dex: 13 (15) Spells: 2 memorised, 6 levels left

rFire  . . .     SeeInvis .     e - +0 dagger (holy)
rCold  . . .     Gourm    .     a - +0 robe
rNeg   . . .     Faith    .     (no shield)
rPois  .         Spirit   .     (no helmet)
rElec  .         Dismiss  .     (no cloak)
rCorr  .         Reflect  .     (no gloves)
SustAt .         Harm     .     (no boots)
MR     .....                    (no amulet)
Stlth  ++........               (no ring)
                                (no ring)

@: not resistant to hostile enchantments, unstealthy
A: no striking features
a: no special abilities


You were on level 3 of the Dungeon.
You were hungry.

You visited 1 branch of the dungeon, and saw 3 of its levels.

You collected 67 gold pieces.

Inventory:

Hand Weapons
 e - a +0 dagger of holy wrath (weapon)
Armour
 a - a +0 robe (worn)
 j - a cursed +0 leather armour
Scrolls
 g - 2 scrolls of magic mapping {unknown}
 h - 4 scrolls of identify {unknown}
 i - a scroll of recharging {unknown}
 n - a scroll of remove curse {unknown}
Potions
 d - a potion of degeneration
 k - a potion of lignification {unknown}
 l - a potion of haste {unknown}
 m - a potion of brilliance {unknown}
 o - 2 potions of flight {unknown}
Books
 b - a book of Flames

   Spells                             Type                      Level
   a - Flame Tongue                   Conjuration/Fire             1
   b - Throw Flame                    Conjuration/Fire             2
   c - Conjure Flame                  Conjuration/Fire             3
   d - Inner Flame                    Hexes/Fire                   3
   e - Sticky Flame                   Conjuration/Fire             4
   f - Fireball                       Conjuration/Fire             5
Comestibles
 c - a bread ration


   Skills:
 - Level 2.4 Dodging
 - Level 2.4 Stealth
 - Level 3.0 Spellcasting
 + Level 3.4 Conjurations
 + Level 4.9 Fire Magic


You had 6 spell levels left.
You knew the following spells:

 Your Spells              Type           Power        Failure   Level  Hunger
a - Flame Tongue          Conj/Fire      ###..        2%          1    None
b - Throw Flame           Conj/Fire      ###...       4%          2    ##.....


Dungeon Overview and Level Annotations

Branches:
Dungeon (3/15)

Altars:
Dithmenos


Message History

Aiming: Flame Tongue
Press: ? - help, Shift-Dir - straight line, f - river rat
Aim: a river rat The flame tongue misses the river rat.
The river rat misses you.
Casting: Flame Tongue
Confirm with . or Enter, or press ? or * to list all spells.
Aiming: Flame Tongue
Press: ? - help, Shift-Dir - straight line, f/p - river rat
Aim: a river rat The flame tongue hits the river rat.
The river rat appears unharmed.
The river rat barely misses you.
Casting: Flame Tongue
Confirm with . or Enter, or press ? or * to list all spells.
Aiming: Flame Tongue
Press: ? - help, Shift-Dir - straight line, f/p - river rat
Aim: a river rat The flame tongue hits the river rat.
The river rat is moderately wounded.
The river rat bites you!
You die...

#.# #.#
#.# #.#
#.# #.#
#.# #.#
#@#
#r.......
#.######.
... ≈≈≈
#≈.≈.
#≈≈≈≈
#####w


You could see a worm (sleeping) and a river rat.

Vanquished Creatures
  Terence (D:3)
  An adder (D:3)
  2 worms (D:2)
  4 dart slugs
  A giant gecko (D:2)
  4 orcs (D:3)
  3 goblins
  10 hobgoblins
  8 jackals
  6 kobolds
  A ball python (D:2)
  5 bats
  2 giant newts (D:1)
  7 rats
55 creatures vanquished.

Notes
Turn   | Place    | Note
--------------------------------------------------------------
     0 | D:1      | CosmicAfro the Deep Elf Fire Elementalist began the quest for the Orb.
     0 | D:1      | Reached XP level 1. HP: 10/10 MP: 6/6
   262 | D:1      | Reached XP level 2. HP: 8/15 MP: 6/8
   899 | D:2      | Reached skill level 4 in Fire Magic
  1001 | D:2      | Learned a level 2 spell: Throw Flame
  1055 | D:2      | Reached XP level 3. HP: 19/19 MP: 6/9
  2175 | D:2      | Found a shadowy altar of Dithmenos.
  2331 | D:3      | Reached XP level 4. HP: 8/24 MP: 0/10
  2524 | D:3      | Noticed Terence
  2569 | D:3      | Killed Terence
  2644 | D:3      | Slain by a river rat

Skill      XL: |  1  2  3  4 |
---------------+-------------+-----
Conjurations   | 2 3 |  3.4
Fire Magic     | 4 |  4.9
Dodging        | |  2.4
Stealth        | |  2.4
Spellcasting   | |  3.0

Action                   |  1- 3 |  4- 6 || total
-------------------------+-------+-------++-------
Melee: Dagger            |    39 |       ||    39
 Cast: Flame Tongue      |    69 |    26 ||    95
       Throw Flame       |    17 |     1 ||    18
  Use: Potion            |       |     2 ||     2
 Stab: Sleeping          |     3 |       ||     3
  Eat: Chunk             |     4 |     1 ||     5
Armor: Robe              |    13 |     2 ||    15
Dodge: Dodged            |    47 |    14 ||    61
